 Dungeon Crawl Stone Soup version 0.29.0-4-gdea44cf6ec (webtiles) character file.

Game seed: 3218101219644117418

4748 qw the Grappler (level 10, -2/94 HPs)
             Began as a Troll Cinder Acolyte on Aug 31, 2022.
             Was a Believer of Ignis.
             Slain by Grum
             ... wielding a +1 halberd
              (5 damage)
             ... on level 9 of the Dungeon.
             The game lasted 00:04:00 (5973 turns).

qw the Grappler (Troll Cinder Acolyte)              Turns: 5973, Time: 00:04:00

Health: -2/94      AC: 13    Str: 34    XL:     10   Next: 23%
Magic:  10/10      EV:  8    Int: 10    God:    Ignis [**....]
Gold:   491        SH: 10    Dex:  5    Spells: 11/11 levels left

rFire   + + +      SeeInvis .     - Unarmed
rCold   + + +      Faith    .   i - +2 shield of Resistance {rF++ rC++ Will++}
rNeg    . . .      Spirit   .   j - +2 robe {rC+}
rPois   +          Reflect  .   (helmet restricted)
rElec   .          Harm     .   (no cloak)
rCorr   .          Rampage  .   (gloves unavailable)
Will    ++...      Clarity  +   (boots unavailable)
Stlth   +.........              (no amulet)
HPRegen 1.05/turn               m - ring "Xymeyhog" {rPois rF+ rC+ Str+6}
MPRegen 0.12/turn               (no ring)

@: fiery-armoured
A: large, unfitting armour, claws 3, regeneration 1, shaggy fur 1, tough skin 1,
horns 1, clarity, MP-powered wands
a: Renounce Religion, Fiery Armour, Foxfire Swarm, Rising Flame


You were on level 9 of the Dungeon.
You worshipped Ignis.
Ignis was pleased with you.
You visited 1 branch of the dungeon, and saw 9 of its levels.

You collected 491 gold pieces.


Innate Abilities, Weirdness & Mutations

You are too large for most types of armour.
You have claws for hands.
Your natural rate of healing is unusually fast.
You are covered in fur. (AC +1)
You have tough skin. (AC +1)
You have a pair of small horns on your head.
You possess an exceptional clarity of mind.
You expend magic power (3 MP) to strengthen your wands.


   Skills:
 - Level 4.7 Fighting
 - Level 1.2 Throwing
 - Level 1.1 Dodging
 + Level 8.5 Shields
 - Level 11.0 Unarmed Combat
 - Level 1.0 Spellcasting
 - Level 2.1 Fire Magic


You had 11 spell levels left.
You didn't know any spells.
Your spell library contained the following spells:

 Spells                   Type           Power      Damage    Failure   Level
 Scorch                   Fire           8%         2d5       38%         2

Inventory:

Missiles
 o - 2 boomerangs (quivered)
Armour
 i - the +2 shield of Resistance (worn) {rF++ rC++ Will++}
   (You acquired it on level 5 of the Dungeon)

   rF:        It greatly protects you from fire.
   rC:        It greatly protects you from cold.
   Will:      It greatly increases your willpower.
 j - a +2 robe of cold resistance (worn)
Jewellery
 m - the ring "Xymeyhog" (left claw) {rPois rF+ rC+ Str+6}
   (You found it on level 6 of the Dungeon)

   [ring of strength]

   Str:       It affects your strength (+6).
   rF:        It protects you from fire.
   rC:        It protects you from cold.
   rPois:     It protects you from poison.
Wands
 k - a wand of digging (5)
Scrolls
 a - a scroll of enchant weapon
 b - a scroll of identify
 e - a scroll of enchant armour
Potions
 d - a potion of degeneration {unknown}
 f - a potion of cancellation
 g - 3 potions of mutation
 h - a potion of lignification {unknown}
 n - a potion of curing

Dungeon Overview and Level Annotations

Branches:
Dungeon (9/15)             Temple (0/1) D:4
   Lair: D:8-11         Orc: D:9-12

Altars:

Shops:
D:7 [

Annotations:
D:3 2 runed translucent doors
D:4 3 runed translucent doors, qw's ghost, amateur TeWr
D:9 Amaemon; Grum


Message History

The gnoll sergeant completely misses you.
Something hits you!
You claw the gnoll sergeant! You headbutt the gnoll sergeant.
The gnoll sergeant is severely wounded.
Something hits you! You block the gnoll's attack. x2
The gnoll sergeant hits you with a +0 spear.
The gnoll sergeant is burned by your cloak of flames.
The gnoll sergeant is almost dead.
5966 ||| DRINKING potion of heal wounds.
You feel much better. You block the gnoll's attack. x2
The gnoll sergeant hits you with a +0 spear.
The gnoll sergeant is burned by your cloak of flames.
The gnoll sergeant is almost dead.
Something hits you!
You claw the gnoll sergeant!
You kill the gnoll sergeant!
The gnoll barely misses you. x2; Something hits you!
You barely miss the gnoll. You headbutt the gnoll.
The gnoll is moderately wounded.
You block something's attack. You block the gnoll's attack.
The gnoll barely misses you.
You claw the gnoll!
You kill the gnoll!
You block the gnoll's attack. You block something's attack.
Amaemon the Diabolical Poisoner comes into view.
He is wielding a -1 demon whip of venom.
Something completely misses you. Something hits you!
You block the gnoll's attack.
Items here: % ) [[.
You claw the gnoll!
You headbutt the gnoll, but do no damage.
The gnoll is severely wounded.
You block the gnoll's attack. Something hits you!
You scratch the gnoll. Your headbutt misses the gnoll.
The gnoll is severely wounded.
You block the gnoll's attack. Something hits you.
You mangle the gnoll!!
You kill the gnoll!
Something hits you.
You die...

##....###....#
##...# #..^..#
#..## ##....#
#..# ....#
##..# ....#
#.)## ##.{#
#).## ##)@#
### ##.)##
.....##.).#
..g....6.##
#.........#
#####........
#....###....
....### ###.
g...#


You could see Amaemon.

Vanquished Creatures
  Pikel (D:6)
  Prince Ribbit (D:8)
  Sigmund (D:4)
  2 wyverns
  Menkaure (D:7)
  Edmund (D:4)
  A water moccasin (D:8)
  3 orc warriors
  2 ice beasts (D:5)
  2 black bears
  3 wolves (D:9)
  4 centaurs (D:8)
  A lemure (D:6)
  3 kobold brigands
  Blork the orc (D:5)
  A necrophage (D:8)
  3 bullfrogs
  3 scorpions
  2 gnoll sergeants
  A killer bee (D:7)
  A howler monkey (D:6)
  A hound (D:4)
  2 jellies
  6 orc priests
  3 gnoll boudas
  3 iguanas
  Terence (D:2)
  13 orc wizards
  Ijyb (D:4)
  20 gnolls
  8 adders
  A shadow imp (D:6)
  An ufetubus (D:5)
  A worm (D:2)
  4 dart slugs
  31 orcs
  3 ball pythons
  7 endoplasms
  3 giant cockroaches
  7 goblins
  4 hobgoblins
  3 jackals (D:1)
  5 quokkas
  4 bats
  18 kobolds
  24 rats
212 creatures vanquished.

Vanquished Creatures (others)
  A gnoll (D:8)
  2 orcs
  A bush (D:8)
4 creatures vanquished.

Grand Total: 216 creatures vanquished

Notes
Turn   | Place    | Note
-------+----------+-------------------------------------------
     0 | D:1      | qw the Troll Cinder Acolyte began the quest for the Orb.
     0 | D:1      | Reached XP level 1. HP: 22/22 MP: 1/1
     0 | D:1      | 0 ||| qw: Version: 0.1-a-97-g2dd2ca4
     0 | D:1      | 0 ||| qw: Game counter: 4474
     0 | D:1      | 0 ||| qw: Always use a shield: true
     0 | D:1      | 0 ||| qw: God list: Okawaru
     0 | D:1      | 0 ||| qw: Allow faded altars: false
     0 | D:1      | 0 ||| qw: Do Orc after D:15 true
     0 | D:1      | 0 ||| qw: Do second Lair branch before Depths: true
     0 | D:1      | 0 ||| qw: Lair rune preference: random
     0 | D:1      | 0 ||| qw: Plans: Normal
     0 | D:1      | 0 ||| PLANNING D:1-11
   146 | D:1      | Reached XP level 2. HP: 29/29 MP: 2/2
   570 | D:1      | 570 ||| READING scroll labelled DOEDUL USSUUQE.
   571 | D:1      | 571 ||| DRINKING 2 lumpy sapphire potions.
   572 | D:1      | 572 ||| DROPPING potion of flight.
   649 | D:2      | Reached skill level 4 in Unarmed Combat
   656 | D:2      | 656 ||| Stepping ~*~*~tactically~*~*~ (stealth).
   663 | D:2      | 663 ||| Stepping ~*~*~tactically~*~*~ (stealth).
   776 | D:2      | 776 ||| Stepping ~*~*~tactically~*~*~ (stealth).
   817 | D:2      | Noticed Terence
   820 | D:2      | 820 ||| STAIRDANCE
   827 | D:1      | Reached XP level 3. HP: 31/36 MP: 3/3
   838 | D:1      | 838 ||| READING 2 scrolls of identify.
   838 | D:1      | 838 ||| IDENTIFYING sedimented coppery potion
   854 | D:2      | 854 ||| INVOKING Fiery Armour.
   857 | D:2      | Killed Terence
   858 | D:2      | 858 ||| STAIRDANCE
   975 | D:2      | Reached XP level 4. HP: 44/44 MP: 4/4
  1250 | D:2      | 1250 ||| READING 2 scrolls of identify.
  1250 | D:2      | 1250 ||| IDENTIFYING brown potion
  1251 | D:2      | 1251 ||| DROPPING potion of invisibility.
  1295 | D:3      | 1295 ||| Stepping ~*~*~tactically~*~*~ (stealth).
  1298 | D:3      | Reached skill level 5 in Unarmed Combat
  1332 | D:3      | 1332 ||| Stepping ~*~*~tactically~*~*~ (stealth).
  1339 | D:3      | 1339 ||| Stepping ~*~*~tactically~*~*~ (stealth).
  1340 | D:3      | Found a large runed translucent door.
  1341 | D:3      | Found a large runed translucent door.
  1342 | D:3      | 1342 ||| Stepping ~*~*~tactically~*~*~ (hiding).
  1371 | D:3      | 1371 ||| INVOKING Fiery Armour.
  1374 | D:3      | Reached XP level 5. HP: 46/50 MP: 5/5
  1429 | D:3      | 1429 ||| Stepping ~*~*~tactically~*~*~ (hiding).
  1565 | D:3      | 1565 ||| Stepping ~*~*~tactically~*~*~ (stealth).
  1585 | D:3      | 1585 ||| Stepping ~*~*~tactically~*~*~ (stealth).
  1603 | D:3      | Reached skill level 6 in Unarmed Combat
  1613 | D:3      | 1613 ||| Stepping ~*~*~tactically~*~*~ (stealth).
  1684 | D:3      | Found a faded altar of an unknown god.
  1702 | D:3      | Found a faded altar of an unknown god.
  1729 | D:3      | 1729 ||| Stepping ~*~*~tactically~*~*~ (stealth).
  1930 | D:3      | 1930 ||| Stepping ~*~*~tactically~*~*~ (outnumbered).
  1931 | D:3      | 1931 ||| Stepping ~*~*~tactically~*~*~ (outnumbered).
  1932 | D:3      | 1932 ||| Stepping ~*~*~tactically~*~*~ (outnumbered).
  1933 | D:3      | 1933 ||| Stepping ~*~*~tactically~*~*~ (outnumbered).
  1934 | D:3      | 1934 ||| Stepping ~*~*~tactically~*~*~ (outnumbered).
  1935 | D:3      | 1935 ||| Stepping ~*~*~tactically~*~*~ (outnumbered).
  2008 | D:3      | 2008 ||| READING scroll labelled FINOVVO OCVA.
  2009 | D:3      | 2009 ||| READING scroll labelled LEYFREEMOPT.
  2010 | D:3      | 2010 ||| READING 2 scrolls of identify.
  2010 | D:3      | 2010 ||| IDENTIFYING fuming silvery potion
  2011 | D:3      | 2011 ||| DROPPING potion of brilliance.
  2063 | D:4      | Noticed qw's ghost (amateur TeWr)
  2064 | D:4      | Noticed an ice beast
  2071 | D:4      | 2071 ||| Stepping ~*~*~tactically~*~*~ (stealth).
  2072 | D:4      | 2072 ||| Stepping ~*~*~tactically~*~*~ (stealth).
  2081 | D:4      | Noticed a black bear
  2082 | D:4      | 2082 ||| Stepping ~*~*~tactically~*~*~ (stealth).
  2089 | D:4      | 2089 ||| Stepping ~*~*~tactically~*~*~ (stealth).
  2092 | D:4      | Killed a black bear
  2093 | D:4      | Reached skill level 7 in Unarmed Combat
  2093 | D:4      | Reached XP level 6. HP: 59/59 MP: 6/6
  2095 | D:4      | 2095 ||| Stepping ~*~*~tactically~*~*~ (stealth).
  2102 | D:4      | 2102 ||| Stepping ~*~*~tactically~*~*~ (outnumbered).
  2104 | D:4      | 2104 ||| FLEEEEING.
  2146 | D:4      | 2146 ||| Stepping ~*~*~tactically~*~*~ (stealth).
  2148 | D:4      | Noticed Ijyb
  2155 | D:4      | Killed Ijyb
  2158 | D:4      | 2158 ||| Stepping ~*~*~tactically~*~*~ (stealth).
  2161 | D:4      | 2161 ||| Stepping ~*~*~tactically~*~*~ (hiding).
  2313 | D:4      | Noticed Sigmund
  2319 | D:4      | Killed Sigmund
  2320 | D:4      | Reached skill level 8 in Unarmed Combat
  2320 | D:4      | Reached XP level 7. HP: 55/66 MP: 7/7
  2350 | D:4      | Noticed a wyvern
  2357 | D:4      | Killed a wyvern
  2358 | D:4      | Reached skill level 3 in Fighting
  2400 | D:4      | 2400 ||| Stepping ~*~*~tactically~*~*~ (stealth).
  2401 | D:4      | 2401 ||| Stepping ~*~*~tactically~*~*~ (stealth).
  2404 | D:4      | 2404 ||| Stepping ~*~*~tactically~*~*~ (stealth).
  2406 | D:4      | 2406 ||| Stepping ~*~*~tactically~*~*~ (hiding).
  2476 | D:4      | Noticed Edmund
  2485 | D:4      | Killed Edmund
  2486 | D:4      | Reached skill level 9 in Unarmed Combat
  2512 | D:4      | Found a runed translucent gate.
  2512 | D:4      | Found a runed translucent gate.
  2513 | D:4      | Found a runed translucent gate.
  2546 | D:4      | You fall into a shaft and drop 1 floor!
  2546 | D:5      | Entered Level 5 of the Dungeon
  2610 | D:5      | 2610 ||| Stepping ~*~*~tactically~*~*~ (hiding).
  2612 | D:5      | 2612 ||| INVOKING Fiery Armour.
  2616 | D:5      | 2616 ||| Stepping ~*~*~tactically~*~*~ (hiding).
  2618 | D:5      | Reached skill level 1 in Throwing
  2618 | D:5      | Reached XP level 8. HP: 65/75 MP: 8/8
  2631 | D:5      | 2631 ||| Stepping ~*~*~tactically~*~*~ (stealth).
  2650 | D:5      | Reached skill level 1 in Dodging
  2651 | D:5      | 2651 ||| Stepping ~*~*~tactically~*~*~ (stealth).
  2652 | D:5      | 2652 ||| Stepping ~*~*~tactically~*~*~ (stealth).
  2665 | D:5      | 2665 ||| Stepping ~*~*~tactically~*~*~ (hiding).
  2691 | D:5      | 2691 ||| DROPPING orb of light.
  2692 | D:5      | 2692 ||| READING scroll labelled GIREWY DIUH.
  2700 | D:5      | 2700 ||| READING scroll labelled UCESUAKAYRA.
  2701 | D:5      | 2701 ||| READING scroll labelled ZAZOOW MAEMM.
  2743 | D:5      | 2743 ||| READING 3 scrolls of identify.
  2743 | D:5      | 2743 ||| IDENTIFYING bubbling dark potion
  2744 | D:5      | 2744 ||| READING 2 scrolls of identify.
  2744 | D:5      | 2744 ||| IDENTIFYING clear potion
  2745 | D:5      | 2745 ||| DROPPING potion of magic.
  2825 | D:5      | 2825 ||| READING scroll labelled WUVEKI HISI.
  2825 | D:5      | Identified a scroll of acquirement
  2825 | D:5      | 2825 ||| ACQUIRING +2 shield of Resistance {rF++ rC++
                  | Will++}
  2825 | D:5      | Acquired the +2 shield of Resistance {rF++ rC++ Will++}
  2825 | D:5      | Found the +2 shield of Resistance {rF++ rC++ Will++}
  2827 | D:5      | 2827 ||| UPGRADING to +2 shield of Resistance {rF++ rC++
                  | Will++}.
  2839 | D:5      | 2839 ||| Stepping ~*~*~tactically~*~*~ (stealth).
  2840 | D:5      | 2840 ||| Stepping ~*~*~tactically~*~*~ (stealth).
  2973 | D:5      | Reached skill level 3 in Shields
  2977 | D:5      | Noticed Blork the orc
  2978 | D:5      | 2978 ||| Stepping ~*~*~tactically~*~*~ (hiding).
  2982 | D:5      | 2982 ||| Stepping ~*~*~tactically~*~*~ (hiding).
  2988 | D:5      | Killed Blork the orc
  3132 | D:5      | 3132 ||| UPGRADING to +2 robe of cold resistance.
  3142 | D:5      | 3142 ||| DROPPING +0 robe.
  3143 | D:5      | 3143 ||| DRINKING 3 sedimented grey potions.
  3143 | D:5      | Gained mutation: You have hidden genetic potential. [potion
                  | of mutation]
  3143 | D:5      | Gained mutation: You possess an exceptional clarity of
                  | mind. [potion of mutation]
  3143 | D:5      | Gained mutation: You are weak. (Str -2) [potion of
                  | mutation]
  3143 | D:5      | Gained mutation: You expend magic power (3 MP) to
                  | strengthen your wands. [potion of mutation]
  3377 | D:4      | 3377 ||| Stepping ~*~*~tactically~*~*~ (stealth).
  3378 | D:4      | 3378 ||| Stepping ~*~*~tactically~*~*~ (stealth).
  3382 | D:4      | 3382 ||| Stepping ~*~*~tactically~*~*~ (stealth).
  3384 | D:4      | 3384 ||| Stepping ~*~*~tactically~*~*~ (hiding).
  3401 | D:4      | 3401 ||| Stepping ~*~*~tactically~*~*~ (outnumbered).
  3402 | D:4      | 3402 ||| Stepping ~*~*~tactically~*~*~ (outnumbered).
  3404 | D:4      | 3404 ||| Stepping ~*~*~tactically~*~*~ (outnumbered).
  3411 | D:4      | 3411 ||| INVOKING Fiery Armour.
  3413 | D:4      | 3413 ||| Stepping ~*~*~tactically~*~*~ (outnumbered).
  3414 | D:4      | 3414 ||| Stepping ~*~*~tactically~*~*~ (outnumbered).
  3417 | D:4      | 3417 ||| Stepping ~*~*~tactically~*~*~ (outnumbered).
  3433 | D:4      | 3433 ||| Stepping ~*~*~tactically~*~*~ (stealth).
  3437 | D:4      | 3437 ||| Stepping ~*~*~tactically~*~*~ (stealth).
  3438 | D:4      | 3438 ||| Stepping ~*~*~tactically~*~*~ (stealth).
  3440 | D:4      | 3440 ||| Stepping ~*~*~tactically~*~*~ (stealth).
  3441 | D:4      | 3441 ||| Stepping ~*~*~tactically~*~*~ (stealth).
  3514 | D:4      | 3514 ||| Stepping ~*~*~tactically~*~*~ (stealth).
  3547 | D:4      | Found a staircase to the Ecumenical Temple.
  3594 | D:4      | 3594 ||| READING scroll labelled NAYT LOAXOBLEY.
  3624 | D:5      | 3624 ||| Stepping ~*~*~tactically~*~*~ (hiding).
  3629 | D:5      | 3629 ||| Stepping ~*~*~tactically~*~*~ (hiding).
  3631 | D:5      | 3631 ||| Stepping ~*~*~tactically~*~*~ (outnumbered).
  3801 | D:5      | 3801 ||| READING scroll labelled SOGAIV DUESHAU.
  3902 | D:6      | Identified the ring "Xymeyhog" {rPois rF+ rC+ Str+6}
  3995 | D:6      | 3995 ||| Stepping ~*~*~tactically~*~*~ (hiding).
  3996 | D:6      | 3996 ||| Stepping ~*~*~tactically~*~*~ (hiding).
  3998 | D:6      | 3998 ||| Stepping ~*~*~tactically~*~*~ (outnumbered).
  4000 | D:6      | 4000 ||| INVOKING Fiery Armour.
  4002 | D:6      | 4002 ||| Stepping ~*~*~tactically~*~*~ (outnumbered).
  4005 | D:6      | Reached XP level 9. HP: 72/83 MP: 9/9
  4007 | D:6      | 4007 ||| Stepping ~*~*~tactically~*~*~ (outnumbered).
  4009 | D:6      | 4009 ||| Stepping ~*~*~tactically~*~*~ (outnumbered).
  4157 | D:6      | Noticed Pikel
  4161 | D:6      | 4161 ||| Stepping ~*~*~tactically~*~*~ (outnumbered).
  4162 | D:6      | 4162 ||| Stepping ~*~*~tactically~*~*~ (outnumbered).
  4163 | D:6      | 4163 ||| Stepping ~*~*~tactically~*~*~ (outnumbered).
  4164 | D:6      | 4164 ||| Stepping ~*~*~tactically~*~*~ (outnumbered).
  4165 | D:6      | 4165 ||| Stepping ~*~*~tactically~*~*~ (outnumbered).
  4166 | D:6      | 4166 ||| Stepping ~*~*~tactically~*~*~ (outnumbered).
  4167 | D:6      | 4167 ||| Stepping ~*~*~tactically~*~*~ (outnumbered).
  4170 | D:6      | 4170 ||| Stepping ~*~*~tactically~*~*~ (outnumbered).
  4173 | D:6      | 4173 ||| Stepping ~*~*~tactically~*~*~ (outnumbered).
  4174 | D:6      | 4174 ||| Stepping ~*~*~tactically~*~*~ (outnumbered).
  4176 | D:6      | 4176 ||| Stepping ~*~*~tactically~*~*~ (outnumbered).
  4177 | D:6      | 4177 ||| Stepping ~*~*~tactically~*~*~ (outnumbered).
  4180 | D:6      | 4180 ||| Stepping ~*~*~tactically~*~*~ (outnumbered).
  4181 | D:6      | 4181 ||| Stepping ~*~*~tactically~*~*~ (outnumbered).
  4187 | D:6      | Killed Pikel
  4188 | D:6      | Reached skill level 6 in Shields
  4234 | D:6      | 4234 ||| Stepping ~*~*~tactically~*~*~ (hiding).
  4247 | D:6      | 4247 ||| Stepping ~*~*~tactically~*~*~ (outnumbered).
  4260 | D:6      | Gained mutation: You have a pair of small horns on your
                  | head. [hidden potential]
  4367 | D:6      | 4367 ||| UPGRADING to ring "Xymeyhog" {rPois rF+ rC+
                  | Str+6}.
  4368 | D:6      | 4368 ||| READING 2 scrolls labelled VAUSHUADADGH.
  4369 | D:6      | 4369 ||| DROPPING scroll of fog.
  4386 | D:7      | 4386 ||| Stepping ~*~*~tactically~*~*~ (stealth).
  4394 | D:7      | Found Qeeh's Armour Shoppe.
  4419 | D:7      | Noticed Menkaure
  4422 | D:7      | Killed Menkaure
  4423 | D:7      | Reached skill level 10 in Unarmed Combat
  4686 | D:7      | 4686 ||| Stepping ~*~*~tactically~*~*~ (outnumbered).
  4695 | D:7      | 4695 ||| Stepping ~*~*~tactically~*~*~ (outnumbered).
  4744 | D:7      | Identified the +0 pair of gloves of Fortitude {rF+}
  4791 | D:7      | 4791 ||| READING 2 scrolls labelled IZEUXUJUKH.
  4792 | D:7      | 4792 ||| DRINKING 2 white potions.
  4793 | D:7      | 4793 ||| DROPPING scroll of immolation.
  4851 | D:8      | 4851 ||| Stepping ~*~*~tactically~*~*~ (hiding).
  4909 | D:8      | 4909 ||| Stepping ~*~*~tactically~*~*~ (stealth).
  4911 | D:8      | 4911 ||| Stepping ~*~*~tactically~*~*~ (stealth).
  4913 | D:8      | 4913 ||| Stepping ~*~*~tactically~*~*~ (stealth).
  4964 | D:8      | Noticed Prince Ribbit
  4965 | D:8      | 4965 ||| Stepping ~*~*~tactically~*~*~ (stealth).
  4966 | D:8      | 4966 ||| Stepping ~*~*~tactically~*~*~ (stealth).
  4970 | D:8      | Killed Prince Ribbit
  4973 | D:8      | 4973 ||| FLEEEEING.
  5055 | D:8      | 5055 ||| Stepping ~*~*~tactically~*~*~ (outnumbered).
  5065 | D:8      | 5065 ||| INVOKING Fiery Armour.
  5149 | D:8      | Reached XP level 10. HP: 90/94 MP: 10/10
  5209 | D:8      | 5209 ||| Stepping ~*~*~tactically~*~*~ (hiding).
  5211 | D:8      | 5211 ||| Stepping ~*~*~tactically~*~*~ (hiding).
  5224 | D:8      | 5224 ||| Stepping ~*~*~tactically~*~*~ (hiding).
  5263 | D:8      | 5263 ||| INVOKING Fiery Armour.
  5267 | D:8      | 5267 ||| Stepping ~*~*~tactically~*~*~ (outnumbered).
  5269 | D:8      | 5269 ||| Stepping ~*~*~tactically~*~*~ (outnumbered).
  5283 | D:8      | HP: 23/94 [centaur/arrow (4)]
  5284 | D:8      | 5284 ||| READING scroll of teleportation.
  5285 | D:8      | 5285 ||| DRINKING 2 potions of heal wounds.
  5697 | D:8      | 5697 ||| Stepping ~*~*~tactically~*~*~ (hiding).
  5733 | D:8      | Reached skill level 11 in Unarmed Combat
  5826 | D:9      | 5826 ||| Stepping ~*~*~tactically~*~*~ (stealth).
  5828 | D:9      | 5828 ||| Stepping ~*~*~tactically~*~*~ (stealth).
  5837 | D:9      | 5837 ||| Stepping ~*~*~tactically~*~*~ (outnumbered).
  5936 | D:9      | Noticed Grum
  5937 | D:9      | 5937 ||| INVOKING Fiery Armour.
  5938 | D:9      | 5938 ||| Stepping ~*~*~tactically~*~*~ (outnumbered).
  5939 | D:9      | 5939 ||| Stepping ~*~*~tactically~*~*~ (outnumbered).
  5943 | D:9      | 5943 ||| Stepping ~*~*~tactically~*~*~ (outnumbered).
  5944 | D:9      | 5944 ||| Stepping ~*~*~tactically~*~*~ (outnumbered).
  5945 | D:9      | 5945 ||| Stepping ~*~*~tactically~*~*~ (outnumbered).
  5946 | D:9      | 5946 ||| Stepping ~*~*~tactically~*~*~ (outnumbered).
  5955 | D:9      | Lost mutation: You are weak. (Str -2) [hidden potential]
  5955 | D:9      | Lost mutation: You have hidden genetic potential. [hidden
                  | potential expressed]
  5963 | D:9      | HP: 22/94 [something (24)]
  5964 | D:9      | 5964 ||| DRINKING 2 potions of heal wounds.
  5966 | D:9      | 5966 ||| DRINKING potion of heal wounds.
  5969 | D:9      | Noticed Amaemon
  5970 | D:9      | HP: 11/94 [something (11)]
  5971 | D:9      | HP: 2/94 [something (10)]
  5973 | D:9      | Slain by Grum

Levels and vault maps discovered:
D:1:      dpeg_arrival_solitude, layout_basic
D:2:      layout_loops_ring, uniq_terence
D:3:      layout_rooms, jmf_multi_god_temple2,
          hellmonk_ecumenical_altar_the_god_not_taken
D:4:      layout_basic, temple_hall, gammafunk_ghost_icy, dk_noncrumbling_4,
          minmay_rat_hole, uniq_edmund, uniq_ijyb, uniq_sigmund
D:5:      layout_basic, uniq_blork_the_orc
D:6:      layout_cave_pools, uniq_pikel
D:7:      layout_basic, serial_shops, shop_statue, kennysheep_small_circle,
          uniq_menkaure, uniq_joseph
D:8:      layout_basic, serial_curves, eino_curves_03, eino_curves_04,
          kb_lookout_dungeons_type, uniq_prince_ribbit1
D:9:      layout_cave_pods, uniq_grum, uniq_amaemon, uniq_maggie

Skill      XL: |  1  2  3  4  5  6  7  8  9 10 |
---------------+-------------------------------+-----
Unarmed Combat | 4 5 7 8 9 10 11 | 11.0
Fighting       | 3 4 |  4.7
Throwing       | 1 |  1.2
Dodging        | 1 |  1.1
Shields        | 5 8 |  8.5
Spellcasting   | |  1.0
Fire Magic     | |  2.1

Action                   |  1- 3 |  4- 6 |  7- 9 | 10-12 || total
-------------------------+-------+-------+-------+-------++-------
Melee: Unarmed           |    78 |   124 |   282 |    80 ||   564
       Punch             |       |     1 |     1 |       ||     2
       Headbutt          |       |       |     9 |    10 ||    19
Throw: Boomerang         |       |    36 |    52 |     7 ||    95
Invok: Fiery Armour      |     1 |     1 |     4 |     2 ||     8
  Use: Scroll            |     2 |     4 |    10 |     1 ||    17
       Potion            |     1 |       |     2 |     3 ||     6
Armor: Robe              |    17 |    48 |    71 |    38 ||   174
Dodge: Dodged            |    31 |    60 |    94 |    41 ||   226
Block: Kite shield       |       |       |   100 |    79 ||   179

Table legend:
 A = Non-vault XP
 B = Vault XP
 C = Vault XP percentage of total XP
 D = Non-vault monster count
 E = Vault monster count
 F = Vault count percentage of total count
                 A         B        C        D         E       F
            +---------+---------+-------+---------+---------+-------
      Total |    4372 |    2426 |  35.7 |     178 |      34 |  16.0
            +---------+---------+-------+---------+---------+-------
        D:1 |      40 |       0 |   0.0 |      16 |       0 |   0.0
        D:2 |      25 |      36 |  59.0 |      13 |       1 |   7.1
        D:3 |     197 |       0 |   0.0 |      26 |       0 |   0.0
        D:4 |     850 |     450 |  34.6 |      32 |      22 |  40.7
        D:5 |     879 |      99 |  10.1 |      23 |       1 |   4.2
        D:6 |     445 |     651 |  59.4 |      19 |       1 |   5.0
        D:7 |     382 |     450 |  54.1 |      10 |       4 |  28.6
        D:8 |    1289 |     403 |  23.8 |      25 |       2 |   7.4
        D:9 |     265 |     337 |  56.0 |      14 |       3 |  17.6
            +---------+---------+-------+---------+---------+-------
